Atomiques vs Diables

Created - 2 janvier 2017 at 19:20

Goals
1 2 3 T
Atomiques 2 0 1 3
Diables 2 2 4 8
Shots
1 2 3 T
Atomiques 9 9 7 25
Diables 10 12 14 36

1st period

1. Atomiques , Branko Radivojevic 15 (Kenndal McArdle, Colby Cohen) at 0:48
2. Diables , Benn Ferriero 9 (Alexandre Burrows, Kyle Cumiskey) at 15:09 (PP)
3. Diables , Kellan Lain 19 (Benn Ferriero, Craig Smith) at 15:29
4. Atomiques , Branko Radivojevic 16 (Kenndal McArdle, Shawn Belle) at 15:50

Penalties :
Kenndal McArdle (STB) for Hooking (Minor) at 4:37, Ryan Shannon (STB) for Hooking (Minor) at 13:41

2nd period

5. Diables , Craig Smith 5 (Kellan Lain) at 6:41
6. Diables , Tyler Bozak 14 (Alexandre Burrows) at 10:36 (PP)

Penalties :
Tyler Cuma (Alm) for Slashing (Minor) at 2:11, Colby Cohen (STB) for Interference (Minor) at 3:50, Colby Cohen (STB) for Hooking (Minor) at 10:35, Tyler Brenner (STB) for Hooking (Minor) at 12:36, Shawn Belle (STB) for Holding (Minor) at 18:58

3rd period

7. Atomiques , Sean Couturier 6 (Kenndal McArdle, Branko Radivojevic) at 4:19
8. Diables , Jamie Oleksiak 1 (Benn Ferriero, Josh Manson) at 5:53
9. Diables , Tyler Bozak 15 (Alexandre Burrows, Steve Quailer) at 6:13 (PP)
10. Diables , Steve Quailer 25 (Alexandre Burrows, Tyler Bozak) at 15:28
11. Diables , Steve Quailer 26 (Alexandre Burrows, Tyler Bozak) at 18:08

Penalties :
Sean Couturier (STB) for Hooking (Minor) at 5:56, Tyler Bozak (Alm) for Roughing (Minor) at 7:44

Goalie Stats

Sergei Bobrovsky (STB), 13 saves from 17 shots - (0,765), L, 13-9-1, 30:36 minutes
Jeremy Smith (STB), 15 saves from 19 shots - (0,789), 29:24 minutes
Jean-Francois Berube (Alm), 22 saves from 25 shots - (0,880), W, 2-2-3, 60:00 minutes

Players Stats for Atomiques

Player Name              G  A  P  +/- PIM S  H  SB GA TA FO     MP     PP MP  PK MP  
------------------------------------------------------------------------------------
Alex Berry               0  0  0   0  0   2  1  0  2  0  0/1    13:57   0:20   2:30 
Andrew Kozek             0  0  0  -4  0   0  0  3  1  1  1/1    17:15   1:44   1:22 
Bobby Farnham            0  0  0  -1  0   0  2  0  0  0  0/0     6:18   0:00   0:00 
Branko Radivojevic       2  1  3   2  0   7  1  0  1  0  9/14   23:42   1:54   5:26 
Brett Sutter             0  0  0  -2  0   0  0  1  0  0  1/1    14:21   0:48   0:05 
Colby Cohen              0  1  1  -4  4   0  1  2  0  1  0/0    20:55   1:22   3:18 
Davis Drewiske           0  0  0   1  0   3  1  4  2  0  0/0    26:59   2:15   5:14 
Dmitri Orlov             0  0  0   1  0   0  0  0  0  1  0/0    11:14   0:00   0:00 
Eric Mestery             0  0  0   1  0   1  0  0  0  0  0/0    13:23   0:00   1:54 
John McCarthy            0  0  0   0  0   3  0  0  0  0  0/0    10:05   0:00   0:00 
Joseph Cramarossa        0  0  0   0  0   0  0  0  0  1  0/0     5:55   0:00   0:00 
Kenndal McArdle          0  3  3   2  2   1  0  1  1  0  3/5    20:47   1:54   2:23 
Marc-André Cliche        0  0  0   0  0   0  1  1  0  0  0/1    10:05   0:00   0:00 
Roman Polak              0  0  0  -4  0   1  1  2  1  1  0/0    21:47   1:23   4:08 
Ryan Shannon             0  0  0  -1  2   1  2  0  2  0  1/1     7:42   0:44   1:36 
Sean Couturier           1  0  1   2  2   2  1  1  0  0  10/19  18:15   1:36   0:56 
Shawn Belle              0  1  1   1  2   1  0  3  0  1  0/0    26:29   2:15   4:10 
Tyler Brenner            0  0  0  -4  2   3  1  0  0  0  5/20   21:02   1:54   4:26 

Players Stats for Diables

Player Name              G  A  P  +/- PIM S  H  SB GA TA FO     MP     PP MP  PK MP  
------------------------------------------------------------------------------------
Alexandre Burrows        0  5  5   1  0   1  1  0  0  0  1/1    23:07   5:02   2:00 
Ben Hanowski             0  0  0   0  0   2  1  0  1  0  0/2     7:49   0:16   0:45 
Benn Ferriero            1  2  3   2  0   6  5  0  1  0  0/0    16:24   3:54   0:00 
Brandon Prust            0  0  0  -1  0   0  1  0  2  0  1/1    12:08   0:00   0:53 
Brian Dumoulin           0  0  0   0  0   0  0  0  0  0  0/0     4:53   0:00   1:28 
Craig Smith              1  1  2   2  0   2  0  0  0  1  8/12   17:31   3:54   0:52 
Dustin Kohn              0  0  0  -1  0   4  2  1  0  0  0/0    27:14   3:56   2:10 
Jamie Oleksiak           1  0  1   2  0   1  2  1  0  2  0/0     9:46   0:00   0:00 
Josh Manson              0  1  1   2  0   1  0  0  0  0  0/0    11:56   0:59   0:00 
Kellan Lain              1  1  2   2  0   2  1  2  0  1  1/2    18:01   3:54   1:22 
Kyle Chipchura           0  0  0   0  0   0  0  0  0  0  0/0     6:25   0:00   0:00 
Kyle Cumiskey            0  1  1   1  0   0  0  2  0  1  0/0    19:36   3:25   1:28 
Lukas Krajicek           0  0  0   1  0   0  2  4  0  1  0/0    22:02   5:56   2:10 
Riley Sheahan            0  0  0  -1  0   1  0  0  0  0  4/6    12:33   0:26   0:22 
Steve Quailer            2  1  3   1  0   4  3  1  1  2  0/2    20:23   4:31   0:00 
Taylor Beck              0  0  0   0  0   1  1  0  0  0  0/0     6:25   0:00   0:00 
Tomas Kubalik            0  0  0  -1  0   3  1  0  0  1  0/0    12:11   0:26   0:00 
Tyler Bozak              2  2  4   1  2   5  2  0  1  0  18/37  22:23   5:02   1:02 
Tyler Cuma               0  0  0  -1  2   3  2  0  0  1  0/0    25:13   5:09   0:00 

3 Stars

1 - Steve Quailer (Alm)
2 - Branko Radivojevic (STB)
3 - Benn Ferriero (Alm)

Power Play

Atomiques - 0 on 2 Attempt(s) - 0,00%
Diables - 3 on 7 Attempt(s) - 42,86%

Penalty Kill

Atomiques - 4 on 7 Attempt(s) - 57,14% - Score 0 goal in Penalty Kill
Diables - 2 on 2 Attempt(s) - 100,00% - Score 0 goal in Penalty Kill

Team Stat

Atomiques - Hits : 12 - Faceoff Wins : 30 - Blocked Shots : 18 - Penalty Minutes : 14
Diables - Hits : 24 - Faceoff Wins : 33 - Blocked Shots : 11 - Penalty Minutes : 4

Official

Referees : O'Rourke Dan and Kimmerly Greg
Linesman : Mark Pare and Mike Cvik

Game Notes

Ryan Shannon is injured at 6:04 of 2nd period (Left Foot)
Jeremy Smith enters game at 10:36 of 2nd period

Finance

Level 1 -- Attendance: 1420 (71,00%) -- Ticket Income 49 700 $
Level 2 -- Attendance: 726 (72,60%) -- Ticket Income 10 890 $
Total Attendance: 2146 (71,53%)
Total Ticket Income: 60 590 $
Other Income: 3 030 $
Total Income: 63 620 $

Atomiques

5 vs 5 Forward 
   Center                   Left Wing                Right Wing               Time % Phy DF OF 
 1 Sean Couturier           Kenndal McArdle          Branko Radivojevic       40     1   2  2  
 2 Tyler Brenner            Andrew Kozek             Ryan Shannon             30     1   2  2  
 3 Marc-André Cliche        John McCarthy            Alex Berry               20     1   2  2  
 4 Brett Sutter             Joseph Cramarossa        Bobby Farnham            10     1   2  2  

5 vs 5 Defense 
   Defense                  Defense                                           Time % Phy DF OF 
 1 Shawn Belle              Davis Drewiske                                    40     1   2  2  
 2 Roman Polak              Colby Cohen                                       30     1   2  2  
 3 Dmitri Orlov             Eric Mestery                                      20     1   2  2  
 4 Shawn Belle              Davis Drewiske                                    10     1   2  2  

PowerPlay Forward 
   Center                   Left Wing                Right Wing               Time % Phy DF OF 
 1 Tyler Brenner            Kenndal McArdle          Branko Radivojevic       60     1   2  2  
 2 Sean Couturier           Andrew Kozek             Ryan Shannon             40     1   2  2  

PowerPlay Defense
   Defense                  Defense                                           Time % Phy DF OF 
 1 Shawn Belle              Davis Drewiske                                    60     1   2  2  
 2 Roman Polak              Colby Cohen                                       40     1   2  2  

Penalty Kill 4 Players Forward 
   Center                   Wing                     Time % Phy DF OF 
 1 Branko Radivojevic       Tyler Brenner            60     1   2  2  
 2 Ryan Shannon             Kenndal McArdle          40     1   2  2  

Penalty Kill 4 Players Defense
   Defense                  Defense                  Time % Phy DF OF 
 1 Shawn Belle              Davis Drewiske           60     1   2  2  
 2 Roman Polak              Colby Cohen              40     1   2  2  

Penalty Kill - 3 Players Forward 
   Forward                                           Time % Phy DF OF 
 1 Branko Radivojevic                                60     1   2  2  
 2 Tyler Brenner                                     40     1   2  2  

Penalty Kill - 3 Players Defense
   Defense                  Defense                  Time % Phy DF OF 
 1 Shawn Belle              Davis Drewiske           60     1   2  2  
 2 Roman Polak              Colby Cohen              40     1   2  2  

4 vs 4 Forward 
   Center                   Wing                     Time % Phy DF OF 
 1 Branko Radivojevic       Tyler Brenner            60     1   2  2  
 2 Ryan Shannon             Kenndal McArdle          40     1   2  2  

4 vs 4 Defense
   Defense                  Defense                  Time % Phy DF OF 
 1 Shawn Belle              Davis Drewiske           60     1   2  2  
 2 Roman Polak              Colby Cohen              40     1   2  2  

Last Minutes Offensive
   Center                   Left Wing                Right Wing               Defense                  Defense                  
   Tyler Brenner            Kenndal McArdle          Branko Radivojevic       Shawn Belle              Davis Drewiske           

Last Minutes Defensive
   Center                   Left Wing                Right Wing               Defense                  Defense                  
   Tyler Brenner            Kenndal McArdle          Branko Radivojevic       Shawn Belle              Davis Drewiske           

Goaltenders
Starting : Sergei Bobrovsky         
Backup : Jeremy Smith             

Extra Forwards
Normal : Brett Sutter, Sean Couturier, Alex Berry - PP : Brett Sutter, Sean Couturier - PK : Alex Berry
Extra Defensemen
Normal : Dmitri Orlov, Eric Mestery, Roman Polak - PP : Dmitri Orlov - PK : Eric Mestery, Roman Polak
Penalty Shots
Branko Radivojevic, Tyler Brenner, Ryan Shannon, Kenndal McArdle, Marc-André Cliche

Diables

5 vs 5 Forward 
   Center                   Left Wing                Right Wing               Time % Phy DF OF 
 1 Tyler Bozak              Alexandre Burrows        Steve Quailer            40     1   2  2  
 2 Craig Smith              Kellan Lain              Benn Ferriero            30     1   2  2  
 3 Riley Sheahan            Brandon Prust            Tomas Kubalik            20     1   2  2  
 4 Kyle Chipchura           Taylor Beck              Ben Hanowski             10     1   2  2  

5 vs 5 Defense 
   Defense                  Defense                                           Time % Phy DF OF 
 1 Dustin Kohn              Tyler Cuma                                        40     1   2  2  
 2 Kyle Cumiskey            Lukas Krajicek                                    30     1   2  2  
 3 Josh Manson              Jamie Oleksiak                                    20     1   2  2  
 4 Dustin Kohn              Brian Dumoulin                                    10     1   2  2  

PowerPlay Forward 
   Center                   Left Wing                Right Wing               Time % Phy DF OF 
 1 Tyler Bozak              Alexandre Burrows        Steve Quailer            60     1   2  2  
 2 Craig Smith              Kellan Lain              Benn Ferriero            40     1   2  2  

PowerPlay Defense
   Defense                  Defense                                           Time % Phy DF OF 
 1 Tyler Cuma               Lukas Krajicek                                    60     1   2  2  
 2 Kyle Cumiskey            Dustin Kohn                                       40     1   2  2  

Penalty Kill 4 Players Forward 
   Center                   Wing                     Time % Phy DF OF 
 1 Tyler Bozak              Alexandre Burrows        60     1   2  2  
 2 Kellan Lain              Brandon Prust            40     1   2  2  

Penalty Kill 4 Players Defense
   Defense                  Defense                  Time % Phy DF OF 
 1 Dustin Kohn              Lukas Krajicek           60     1   2  2  
 2 Kyle Cumiskey            Brian Dumoulin           40     1   2  2  

Penalty Kill - 3 Players Forward 
   Forward                                           Time % Phy DF OF 
 1 Tyler Bozak                                       60     1   2  2  
 2 Alexandre Burrows                                 40     1   2  2  

Penalty Kill - 3 Players Defense
   Defense                  Defense                  Time % Phy DF OF 
 1 Dustin Kohn              Lukas Krajicek           60     1   2  2  
 2 Kyle Cumiskey            Brian Dumoulin           40     1   2  2  

4 vs 4 Forward 
   Center                   Wing                     Time % Phy DF OF 
 1 Tyler Bozak              Alexandre Burrows        60     1   2  2  
 2 Kellan Lain              Brandon Prust            40     1   2  2  

4 vs 4 Defense
   Defense                  Defense                  Time % Phy DF OF 
 1 Dustin Kohn              Lukas Krajicek           60     1   2  2  
 2 Kyle Cumiskey            Brian Dumoulin           40     1   2  2  

Last Minutes Offensive
   Center                   Left Wing                Right Wing               Defense                  Defense                  
   Tyler Bozak              Alexandre Burrows        Steve Quailer            Tyler Cuma               Lukas Krajicek           

Last Minutes Defensive
   Center                   Left Wing                Right Wing               Defense                  Defense                  
   Tyler Bozak              Alexandre Burrows        Steve Quailer            Tyler Cuma               Lukas Krajicek           

Goaltenders
Starting : Jean-Francois Berube     
Backup : Eddie Lack               

Extra Forwards
Normal : Riley Sheahan, Tomas Kubalik, Ben Hanowski - PP : Riley Sheahan, Tomas Kubalik - PK : Ben Hanowski
Extra Defensemen
Normal : Josh Manson, Jamie Oleksiak, Kyle Cumiskey - PP : Josh Manson - PK : Jamie Oleksiak, Kyle Cumiskey
Penalty Shots
Tyler Bozak, Alexandre Burrows, Kellan Lain, Brandon Prust, Steve Quailer

% Time on Ice - Atomiques

Lines # - Real PCT - Wanted PCT - Time Play
Normal Forward
1 - 33% - 40% - 15:20
2 - 33% - 30% - 15:20
3 - 22% - 20% - 10:05
4 - 13% - 10% - 5:55
Normal Defense
1 - 39% - 40% - 18:05
2 - 35% - 30% - 16:16
3 - 24% - 20% - 11:14
4 - 2% - 10% - 1:05
PP Forward
1 - 52% - 60% - 1:54
2 - 48% - 40% - 1:44
PP Defense
1 - 62% - 60% - 2:15
2 - 38% - 40% - 1:23
PK Forward
1 - 70% - 60% - 6:36
2 - 30% - 40% - 2:46
PK Defense
1 - 56% - 60% - 5:14
2 - 44% - 40% - 4:08
PK3 Forward
1 - 0% - 60%
2 - 0% - 40%
PK3 Defense
1 - 0% - 60%
2 - 0% - 40%
44 Forward
1 - 100% - 60% - 0:20
2 - 0% - 40% - 0:00
44 Defense
1 - 100% - 60% - 0:20
2 - 0% - 40% - 0:00
Last Minute Offensive  - 0:00
Last Minute Defensive  - 0:00
Total
Forward - 60:00
Defense - 60:00

% Time on Ice - Diables

Lines # - Real PCT - Wanted PCT - Time Play
Normal Forward
1 - 35% - 40% - 16:13
2 - 27% - 30% - 12:47
3 - 24% - 20% - 11:15
4 - 14% - 10% - 6:25
Normal Defense
1 - 43% - 40% - 20:05
2 - 32% - 30% - 14:43
3 - 19% - 20% - 9:01
4 - 6% - 10% - 2:51
PP Forward
1 - 58% - 60% - 5:25
2 - 42% - 40% - 3:57
PP Defense
1 - 64% - 60% - 5:57
2 - 36% - 40% - 3:25
PK Forward
1 - 83% - 60% - 3:01
2 - 17% - 40% - 0:37
PK Defense
1 - 60% - 60% - 2:10
2 - 40% - 40% - 1:28
PK3 Forward
1 - 0% - 60%
2 - 0% - 40%
PK3 Defense
1 - 0% - 60%
2 - 0% - 40%
44 Forward
1 - 100% - 60% - 0:20
2 - 0% - 40% - 0:00
44 Defense
1 - 100% - 60% - 0:20
2 - 0% - 40% - 0:00
Last Minute Offensive  - 0:00
Last Minute Defensive  - 0:00
Total
Forward - 60:00
Defense - 60:00

Play by Play

1st period


0:01 of 1st period - Tyler Bozak wins face-off versus Sean Couturier in neutral zone.
0:42 of 1st period - Snap shot by Kenndal McArdle.
0:42 of 1st period - Shot Misses the Net.
0:46 of 1st period - Snap shot by Kenndal McArdle.
0:46 of 1st period - Shot Misses the Net.
0:48 of 1st period - Wrist shot by Branko Radivojevic.
0:48 of 1st period - Goal by Branko Radivojevic - Atomiques : 1 - Diables : 0.
0:49 of 1st period - Tyler Brenner wins face-off versus Ben Hanowski in neutral zone.
1:39 of 1st period - Wrist shot by Alex Berry.
1:39 of 1st period - Stopped by Jean-Francois Berube with a rebound.
1:41 of 1st period - Snap shot by John McCarthy.
1:41 of 1st period - Shot Misses the Net.
1:43 of 1st period - Wrist shot by John McCarthy.
1:43 of 1st period - Stopped by Jean-Francois Berube with a rebound.
1:45 of 1st period - Slapshot by Eric Mestery.
1:45 of 1st period - Shot Misses the Net.
2:13 of 1st period - Snap shot by John McCarthy.
2:13 of 1st period - Shot Misses the Net.
2:35 of 1st period - Snap shot by John McCarthy.
2:35 of 1st period - Stopped by Jean-Francois Berube with a rebound.
2:37 of 1st period - Snap shot by Dmitri Orlov.
2:37 of 1st period - Deflect By Alex Berry.
2:37 of 1st period - Shot Misses the Net.
2:37 of 1st period - Puck is out of play.
2:38 of 1st period - Tyler Bozak wins face-off versus Tyler Brenner in Diables zone.
4:12 of 1st period - Off-side.
4:13 of 1st period - Craig Smith wins face-off versus Sean Couturier in neutral zone.
4:28 of 1st period - Wrist shot by Craig Smith.
4:28 of 1st period - Shot Misses the Net.
4:37 of 1st period - Minor Penalty to Kenndal McArdle for Hooking.
4:38 of 1st period - Tyler Bozak wins face-off versus Tyler Brenner in Atomiques zone.
4:52 of 1st period - Snap shot by Steve Quailer.
4:52 of 1st period - Shot Misses the Net.
6:37 of 1st period - Penalty to Kenndal McArdle is over, Kenndal McArdle is back on ice.
6:42 of 1st period - Snap shot by Brett Sutter.
6:42 of 1st period - Shot Blocked by Dustin Kohn.
7:39 of 1st period - Craig Smith is hit by Bobby Farnham and loses puck.
8:06 of 1st period - Tomas Kubalik is hit by Davis Drewiske and loses puck.
10:26 of 1st period - Eric Mestery is hit by Lukas Krajicek and loses puck.
11:05 of 1st period - Snap shot by Benn Ferriero.
11:05 of 1st period - Stopped by Sergei Bobrovsky with a rebound.
11:07 of 1st period - Snap shot by Benn Ferriero.
11:07 of 1st period - Shot Blocked by Marc-André Cliche.
11:27 of 1st period - Wrist shot by Tyler Brenner.
11:27 of 1st period - Stopped by Jean-Francois Berube without a rebound.
11:28 of 1st period - Craig Smith wins face-off versus Tyler Brenner in Diables zone.
11:33 of 1st period - Slapshot by Tyler Brenner.
11:33 of 1st period - Shot Blocked by Kellan Lain.
11:53 of 1st period - Davis Drewiske is hit by Jamie Oleksiak and loses puck.
12:12 of 1st period - Wrist shot by Riley Sheahan.
12:12 of 1st period - Shot Misses the Net.
13:19 of 1st period - Off-side.
13:20 of 1st period - Ryan Shannon wins face-off versus Craig Smith in neutral zone.
13:41 of 1st period - Minor Penalty to Ryan Shannon for Hooking.
13:42 of 1st period - Branko Radivojevic wins face-off versus Tyler Bozak in Atomiques zone.
14:35 of 1st period - Slapshot by Kellan Lain.
14:35 of 1st period - Shot Misses the Net.
14:37 of 1st period - Slapshot by Benn Ferriero.
14:37 of 1st period - Stopped by Sergei Bobrovsky without a rebound.
14:38 of 1st period - Tyler Bozak wins face-off versus Branko Radivojevic in Atomiques zone.
14:39 of 1st period - Wrist shot by Alexandre Burrows.
14:39 of 1st period - Shot Misses the Net.
15:09 of 1st period - Snap shot by Benn Ferriero.
15:09 of 1st period - Goal by Benn Ferriero - Atomiques : 1 - Diables : 1.
15:10 of 1st period - Tyler Bozak wins face-off versus Sean Couturier in neutral zone.
15:23 of 1st period - Snap shot by Tyler Bozak.
15:23 of 1st period - Stopped by Sergei Bobrovsky with a rebound.
15:25 of 1st period - Wrist shot by Tyler Bozak.
15:25 of 1st period - Stopped by Sergei Bobrovsky without a rebound.
15:26 of 1st period - Craig Smith wins face-off versus Tyler Brenner in Atomiques zone.
15:29 of 1st period - Snap shot by Kellan Lain.
15:29 of 1st period - Goal by Kellan Lain - Atomiques : 1 - Diables : 2.
15:30 of 1st period - Branko Radivojevic wins face-off versus Steve Quailer in neutral zone.
15:33 of 1st period - Snap shot by Branko Radivojevic.
15:33 of 1st period - Shot Misses the Net.
15:35 of 1st period - Snap shot by Davis Drewiske.
15:35 of 1st period - Stopped by Jean-Francois Berube without a rebound.
15:36 of 1st period - Branko Radivojevic wins face-off versus Tyler Bozak in Diables zone.
15:44 of 1st period - Off-side.
15:45 of 1st period - Sean Couturier wins face-off versus Tyler Bozak in neutral zone.
15:50 of 1st period - Snap shot by Kenndal McArdle.
15:50 of 1st period - Deflect By Branko Radivojevic.
15:50 of 1st period - Goal by Branko Radivojevic - Atomiques : 2 - Diables : 2.
15:51 of 1st period - Tyler Bozak wins face-off versus Sean Couturier in neutral zone.
15:54 of 1st period - Snap shot by Alexandre Burrows.
15:54 of 1st period - Shot Misses the Net.
16:02 of 1st period - Backhand shot by Branko Radivojevic.
16:02 of 1st period - Stopped by Jean-Francois Berube with a rebound.
16:16 of 1st period - Ryan Shannon is hit by Kellan Lain and loses puck.
16:23 of 1st period - Wrist shot by Craig Smith.
16:23 of 1st period - Shot Misses the Net.
16:45 of 1st period - Roman Polak is hit by Lukas Krajicek.
16:57 of 1st period - Snap shot by Kenndal McArdle.
16:57 of 1st period - Shot Blocked by Lukas Krajicek.
17:27 of 1st period - Slapshot by Dustin Kohn.
17:27 of 1st period - Deflect By Dmitri Orlov.
17:27 of 1st period - Stopped by Sergei Bobrovsky without a rebound.
17:28 of 1st period - Tyler Brenner wins face-off versus Craig Smith in Atomiques zone.
17:41 of 1st period - Snap shot by Craig Smith.
17:41 of 1st period - Deflect By Kellan Lain.
17:41 of 1st period - Stopped by Sergei Bobrovsky without a rebound.
17:42 of 1st period - Sean Couturier wins face-off versus Tyler Bozak in Atomiques zone.
17:42 of 1st period - Sean Couturier is hit by Tyler Bozak.
17:56 of 1st period - Backhand shot by Branko Radivojevic.
17:56 of 1st period - Deflect By Sean Couturier.
17:56 of 1st period - Stopped by Jean-Francois Berube with a rebound.
18:16 of 1st period - Snap shot by Tomas Kubalik.
18:16 of 1st period - Shot Misses the Net.
18:18 of 1st period - Wrist shot by Tomas Kubalik.
18:18 of 1st period - Shot Blocked by Shawn Belle.
18:20 of 1st period - Slapshot by Kyle Cumiskey.
18:20 of 1st period - Shot Blocked by Davis Drewiske.
18:39 of 1st period - Davis Drewiske is hit by Benn Ferriero and loses puck.
18:50 of 1st period - Kellan Lain is hit by Bobby Farnham and loses puck.
19:01 of 1st period - Snap shot by Kellan Lain.
19:01 of 1st period - Shot Misses the Net.
19:07 of 1st period - Wrist shot by Benn Ferriero.
19:07 of 1st period - Stopped by Sergei Bobrovsky without a rebound.
19:08 of 1st period - Tyler Brenner wins face-off versus Tyler Bozak in Atomiques zone.
19:23 of 1st period - Snap shot by Alexandre Burrows.
19:23 of 1st period - Stopped by Sergei Bobrovsky with a rebound.
19:40 of 1st period - John McCarthy is hit by Tomas Kubalik and loses puck.
19:57 of 1st period - Branko Radivojevic is hit by Taylor Beck and loses puck.
Goals for this period are 2 for Atomiques vs 2 for Diables.
Shots for this period are 9 for Atomiques vs 10 for Diables.

2nd period


0:01 of 2nd period - Sean Couturier wins face-off versus Steve Quailer in neutral zone.
0:28 of 2nd period - Slapshot by Tyler Cuma.
0:28 of 2nd period - Deflect By Tyler Brenner.
0:28 of 2nd period - Stopped by Sergei Bobrovsky with a rebound.
0:32 of 2nd period - Slapshot by Dustin Kohn.
0:32 of 2nd period - Deflect By Ryan Shannon.
0:32 of 2nd period - Stopped by Sergei Bobrovsky with a rebound.
0:52 of 2nd period - Slapshot by Ben Hanowski.
0:52 of 2nd period - Stopped by Sergei Bobrovsky with a rebound.
1:23 of 2nd period - Wrist shot by Tomas Kubalik.
1:23 of 2nd period - Shot Misses the Net.
1:34 of 2nd period - Off-side.
1:35 of 2nd period - Tyler Bozak wins face-off versus Kenndal McArdle in neutral zone.
1:46 of 2nd period - Snap shot by Kenndal McArdle.
1:46 of 2nd period - Stopped by Jean-Francois Berube with a rebound.
1:48 of 2nd period - Slapshot by Eric Mestery.
1:48 of 2nd period - Deflect By Alexandre Burrows.
1:48 of 2nd period - Stopped by Jean-Francois Berube without a rebound.
1:49 of 2nd period - Tyler Brenner wins face-off versus Tyler Bozak in Diables zone.
1:54 of 2nd period - Snap shot by Ryan Shannon.
1:54 of 2nd period - Stopped by Jean-Francois Berube with a rebound.
1:56 of 2nd period - Slapshot by Tyler Brenner.
1:56 of 2nd period - Stopped by Jean-Francois Berube with a rebound.
2:11 of 2nd period - Minor Penalty to Tyler Cuma for Slashing.
2:12 of 2nd period - Tyler Bozak wins face-off versus Tyler Brenner in Diables zone.
2:39 of 2nd period - Alexandre Burrows is hit by Ryan Shannon and loses puck.
3:19 of 2nd period - Wrist shot by Kellan Lain.
3:19 of 2nd period - Deflect By Branko Radivojevic.
3:19 of 2nd period - Shot Misses the Net.
3:19 of 2nd period - Puck is out of play.
3:20 of 2nd period - Kellan Lain wins face-off versus Tyler Brenner in Atomiques zone.
3:35 of 2nd period - Kyle Cumiskey is hit by Ryan Shannon and loses puck.
3:50 of 2nd period - Minor Penalty to Colby Cohen for Interference.
3:51 of 2nd period - Branko Radivojevic wins face-off versus Tyler Bozak in Atomiques zone.
3:57 of 2nd period - Off-side.
3:58 of 2nd period - Branko Radivojevic wins face-off versus Tyler Bozak in neutral zone.
4:00 of 2nd period - Off-side.
4:01 of 2nd period - Branko Radivojevic wins face-off versus Tyler Bozak in neutral zone.
4:10 of 2nd period - Wrist shot by Branko Radivojevic.
4:10 of 2nd period - Shot Blocked by Lukas Krajicek.
4:11 of 2nd period - Penalty to Tyler Cuma is over, Tyler Cuma is back on ice.
4:41 of 2nd period - Icing by Lukas Krajicek.
4:42 of 2nd period - Branko Radivojevic wins face-off versus Tyler Bozak in Diables zone.
5:50 of 2nd period - Penalty to Colby Cohen is over, Colby Cohen is back on ice.
6:03 of 2nd period - Ryan Shannon is hit by Jamie Oleksiak and loses puck.
6:04 of 2nd period - Ryan Shannon from Atomiques is injured at 6:04 of 2nd period (Left Foot).
6:05 of 2nd period - Kenndal McArdle wins face-off versus Tyler Bozak in Atomiques zone.
6:41 of 2nd period - Snap shot by Craig Smith.
6:41 of 2nd period - Goal by Craig Smith - Atomiques : 2 - Diables : 3.
6:42 of 2nd period - Tyler Bozak wins face-off versus Sean Couturier in neutral zone.
7:10 of 2nd period - Slapshot by Tyler Cuma.
7:10 of 2nd period - Shot Misses the Net.
7:32 of 2nd period - Slapshot by Dustin Kohn.
7:32 of 2nd period - Stopped by Sergei Bobrovsky with a rebound.
7:49 of 2nd period - Dustin Kohn is hit by Roman Polak.
8:40 of 2nd period - Icing by Craig Smith.
8:41 of 2nd period - Craig Smith wins face-off versus Tyler Brenner in Diables zone.
9:04 of 2nd period - Snap shot by Benn Ferriero.
9:04 of 2nd period - Stopped by Sergei Bobrovsky without a rebound.
9:05 of 2nd period - Tyler Bozak wins face-off versus Kenndal McArdle in Atomiques zone.
9:14 of 2nd period - Wrist shot by Branko Radivojevic.
9:14 of 2nd period - Stopped by Jean-Francois Berube with a rebound.
9:16 of 2nd period - Snap shot by Branko Radivojevic.
9:16 of 2nd period - Shot Misses the Net.
9:18 of 2nd period - Slapshot by Roman Polak.
9:18 of 2nd period - Shot Blocked by Jamie Oleksiak.
9:20 of 2nd period - Slapshot by Roman Polak.
9:20 of 2nd period - Deflect By Kenndal McArdle.
9:20 of 2nd period - Shot Misses the Net.
9:20 of 2nd period - Puck is out of play.
9:21 of 2nd period - Brandon Prust wins face-off versus Tyler Brenner in Diables zone.
9:32 of 2nd period - Snap shot by Davis Drewiske.
9:32 of 2nd period - Stopped by Jean-Francois Berube with a rebound.
9:54 of 2nd period - Snap shot by Branko Radivojevic.
9:54 of 2nd period - Shot Misses the Net.
9:56 of 2nd period - Slapshot by Shawn Belle.
9:56 of 2nd period - Stopped by Jean-Francois Berube without a rebound.
9:57 of 2nd period - Craig Smith wins face-off versus Sean Couturier in Diables zone.
10:06 of 2nd period - Sean Couturier is hit by Benn Ferriero and loses puck.
10:23 of 2nd period - Tyler Bozak is hit by Tyler Brenner and loses puck.
10:35 of 2nd period - Minor Penalty to Colby Cohen for Hooking.
10:36 of 2nd period - Alexandre Burrows wins face-off versus Branko Radivojevic in Atomiques zone.
10:36 of 2nd period - Wrist shot by Tyler Bozak.
10:36 of 2nd period - Goal by Tyler Bozak - Atomiques : 2 - Diables : 4.
10:36 of 2nd period - Jeremy Smith enters game.
10:37 of 2nd period - Tyler Bozak wins face-off versus Sean Couturier in neutral zone.
10:40 of 2nd period - Branko Radivojevic is hit by Steve Quailer and loses puck.
11:22 of 2nd period - Wrist shot by Tomas Kubalik.
11:22 of 2nd period - Stopped by Jeremy Smith with a rebound.
11:24 of 2nd period - Wrist shot by Riley Sheahan.
11:24 of 2nd period - Stopped by Jeremy Smith without a rebound.
11:25 of 2nd period - Riley Sheahan wins face-off versus Marc-André Cliche in Atomiques zone.
11:30 of 2nd period - Slapshot by Tyler Cuma.
11:30 of 2nd period - Deflect By Tomas Kubalik.
11:30 of 2nd period - Shot Misses the Net.
11:30 of 2nd period - Puck is out of play.
11:31 of 2nd period - Sean Couturier wins face-off versus Tyler Bozak in Atomiques zone.
11:42 of 2nd period - Wrist shot by Tyler Bozak.
11:42 of 2nd period - Shot Blocked by Colby Cohen.
12:05 of 2nd period - Slapshot by Colby Cohen.
12:05 of 2nd period - Shot Blocked by Kellan Lain.
12:22 of 2nd period - Wrist shot by Tomas Kubalik.
12:22 of 2nd period - Shot Blocked by Brett Sutter.
12:26 of 2nd period - Slapshot by Dustin Kohn.
12:26 of 2nd period - Shot Misses the Net.
12:30 of 2nd period - Wrist shot by Tomas Kubalik.
12:30 of 2nd period - Stopped by Jeremy Smith with a rebound.
12:36 of 2nd period - Minor Penalty to Tyler Brenner for Hooking.
12:37 of 2nd period - Branko Radivojevic wins face-off versus Tyler Bozak in Atomiques zone.
14:36 of 2nd period - Penalty to Tyler Brenner is over, Tyler Brenner is back on ice.
15:42 of 2nd period - Kellan Lain is hit by Alex Berry and loses puck.
15:55 of 2nd period - Tyler Brenner is hit by Steve Quailer and loses puck.
16:08 of 2nd period - Kyle Cumiskey is hit by Colby Cohen and loses puck.
16:25 of 2nd period - Slapshot by Branko Radivojevic.
16:25 of 2nd period - Stopped by Jean-Francois Berube without a rebound.
16:26 of 2nd period - Craig Smith wins face-off versus Sean Couturier in Diables zone.
16:53 of 2nd period - Lukas Krajicek is hit by Marc-André Cliche and loses puck.
16:58 of 2nd period - Wrist shot by John McCarthy.
16:58 of 2nd period - Shot Blocked by Kyle Cumiskey.
17:00 of 2nd period - Slapshot by John McCarthy.
17:00 of 2nd period - Stopped by Jean-Francois Berube with a rebound.
17:02 of 2nd period - Slapshot by Dmitri Orlov.
17:02 of 2nd period - Shot Blocked by Lukas Krajicek.
17:04 of 2nd period - Snap shot by Marc-André Cliche.
17:04 of 2nd period - Shot Misses the Net.
17:16 of 2nd period - Snap shot by Tomas Kubalik.
17:16 of 2nd period - Stopped by Jeremy Smith without a rebound.
17:17 of 2nd period - Riley Sheahan wins face-off versus Tyler Brenner in Atomiques zone.
17:30 of 2nd period - Brett Sutter is hit by Tyler Cuma and loses puck.
18:06 of 2nd period - Off-side.
18:07 of 2nd period - Tyler Bozak wins face-off versus Sean Couturier in neutral zone.
18:10 of 2nd period - Branko Radivojevic is hit by Alexandre Burrows.
18:55 of 2nd period - Slapshot by Steve Quailer.
18:55 of 2nd period - Stopped by Jeremy Smith without a rebound.
18:56 of 2nd period - Sean Couturier wins face-off versus Craig Smith in Atomiques zone.
18:58 of 2nd period - Minor Penalty to Shawn Belle for Holding.
18:59 of 2nd period - Branko Radivojevic wins face-off versus Kellan Lain in Atomiques zone.
19:13 of 2nd period - Backhand shot by Tyler Brenner.
19:13 of 2nd period - Shot Blocked by Lukas Krajicek.
19:25 of 2nd period - Eric Mestery is hit by Steve Quailer.
Goals for this period are 0 for Atomiques vs 2 for Diables.
Shots for this period are 9 for Atomiques vs 12 for Diables.

3rd period


0:01 of 3rd period - Tyler Bozak wins face-off versus Branko Radivojevic in neutral zone.
0:58 of 3rd period - Penalty to Shawn Belle is over, Shawn Belle is back on ice.
1:01 of 3rd period - Icing by Alex Berry.
1:02 of 3rd period - Riley Sheahan wins face-off versus Alex Berry in Atomiques zone.
1:09 of 3rd period - Slapshot by Tomas Kubalik.
1:09 of 3rd period - Shot Misses the Net.
1:19 of 3rd period - Snap shot by Alex Berry.
1:19 of 3rd period - Shot Misses the Net.
1:32 of 3rd period - Off-side.
1:33 of 3rd period - Andrew Kozek wins face-off versus Tyler Bozak in neutral zone.
1:59 of 3rd period - Dustin Kohn is hit by Sean Couturier and loses puck.
2:04 of 3rd period - Snap shot by Branko Radivojevic.
2:04 of 3rd period - Shot Misses the Net.
2:36 of 3rd period - Slapshot by Kellan Lain.
2:36 of 3rd period - Shot Blocked by Roman Polak.
2:38 of 3rd period - Slapshot by Dustin Kohn.
2:38 of 3rd period - Deflect By Benn Ferriero.
2:38 of 3rd period - Shot Misses the Net.
2:38 of 3rd period - Puck is out of play.
2:39 of 3rd period - Brett Sutter wins face-off versus Tyler Bozak in Atomiques zone.
2:50 of 3rd period - Snap shot by Brett Sutter.
2:50 of 3rd period - Shot Blocked by Kyle Cumiskey.
2:52 of 3rd period - Wrist shot by Joseph Cramarossa.
2:52 of 3rd period - Shot Misses the Net.
3:16 of 3rd period - Snap shot by Branko Radivojevic.
3:16 of 3rd period - Stopped by Jean-Francois Berube without a rebound.
3:17 of 3rd period - Tyler Bozak wins face-off versus Branko Radivojevic in Diables zone.
3:17 of 3rd period - Tyler Bozak is hit by Branko Radivojevic.
3:59 of 3rd period - Tyler Brenner is hit by Benn Ferriero and loses puck.
4:07 of 3rd period - Icing by Tyler Brenner.
4:08 of 3rd period - Tyler Brenner wins face-off versus Riley Sheahan in Atomiques zone.
4:13 of 3rd period - Snap shot by Roman Polak.
4:13 of 3rd period - Stopped by Jean-Francois Berube without a rebound.
4:14 of 3rd period - Sean Couturier wins face-off versus Riley Sheahan in Diables zone.
4:19 of 3rd period - Wrist shot by Kenndal McArdle.
4:19 of 3rd period - Deflect By Sean Couturier.
4:19 of 3rd period - Goal by Sean Couturier - Atomiques : 3 - Diables : 4.
4:20 of 3rd period - Sean Couturier wins face-off versus Tyler Bozak in neutral zone.
4:31 of 3rd period - Snap shot by Dustin Kohn.
4:31 of 3rd period - Shot Blocked by Kenndal McArdle.
4:35 of 3rd period - Snap shot by Tyler Bozak.
4:35 of 3rd period - Shot Blocked by Shawn Belle.
5:09 of 3rd period - Slapshot by Alex Berry.
5:09 of 3rd period - Stopped by Jean-Francois Berube with a rebound.
5:11 of 3rd period - Slapshot by Davis Drewiske.
5:11 of 3rd period - Stopped by Jean-Francois Berube with a rebound.
5:39 of 3rd period - Wrist shot by Branko Radivojevic.
5:39 of 3rd period - Stopped by Jean-Francois Berube without a rebound.
5:40 of 3rd period - Craig Smith wins face-off versus Tyler Brenner in Diables zone.
5:45 of 3rd period - Snap shot by Kellan Lain.
5:45 of 3rd period - Shot Misses the Net.
5:47 of 3rd period - Snap shot by Benn Ferriero.
5:47 of 3rd period - Shot Misses the Net.
5:49 of 3rd period - Slapshot by Josh Manson.
5:49 of 3rd period - Stopped by Jeremy Smith with a rebound.
5:51 of 3rd period - Snap shot by Benn Ferriero.
5:51 of 3rd period - Shot Blocked by Roman Polak.
5:53 of 3rd period - Slapshot by Jamie Oleksiak.
5:53 of 3rd period - Goal by Jamie Oleksiak - Atomiques : 3 - Diables : 5.
5:54 of 3rd period - Kenndal McArdle wins face-off versus Tyler Bozak in neutral zone.
5:56 of 3rd period - Minor Penalty to Sean Couturier for Hooking.
5:57 of 3rd period - Tyler Bozak wins face-off versus Tyler Brenner in Atomiques zone.
6:13 of 3rd period - Snap shot by Tyler Bozak.
6:13 of 3rd period - Goal by Tyler Bozak - Atomiques : 3 - Diables : 6.
6:14 of 3rd period - Tyler Bozak wins face-off versus Branko Radivojevic in neutral zone.
7:11 of 3rd period - Colby Cohen is hit by Dustin Kohn and loses puck.
7:44 of 3rd period - Minor Penalty to Tyler Bozak for Roughing.
7:45 of 3rd period - Kenndal McArdle wins face-off versus Ben Hanowski in Diables zone.
9:44 of 3rd period - Penalty to Tyler Bozak is over, Tyler Bozak is back on ice.
10:12 of 3rd period - Wrist shot by Ben Hanowski.
10:12 of 3rd period - Shot Misses the Net.
11:16 of 3rd period - Colby Cohen is hit by Dustin Kohn and loses puck.
11:41 of 3rd period - Wrist shot by Craig Smith.
11:41 of 3rd period - Shot Misses the Net.
12:42 of 3rd period - Colby Cohen is hit by Tyler Cuma.
13:09 of 3rd period - Alex Berry is hit by Benn Ferriero and loses puck.
13:22 of 3rd period - Shawn Belle is hit by Ben Hanowski and loses puck.
13:27 of 3rd period - Snap shot by Dustin Kohn.
13:27 of 3rd period - Stopped by Jeremy Smith with a rebound.
14:07 of 3rd period - Andrew Kozek is hit by Tyler Bozak and loses puck.
15:26 of 3rd period - Snap shot by Alexandre Burrows.
15:26 of 3rd period - Shot Misses the Net.
15:28 of 3rd period - Snap shot by Steve Quailer.
15:28 of 3rd period - Goal by Steve Quailer - Atomiques : 3 - Diables : 7.
15:29 of 3rd period - Tyler Bozak wins face-off versus Tyler Brenner in neutral zone.
15:36 of 3rd period - Wrist shot by Alexandre Burrows.
15:36 of 3rd period - Shot Misses the Net.
15:38 of 3rd period - Slapshot by Tyler Cuma.
15:38 of 3rd period - Stopped by Jeremy Smith with a rebound.
15:40 of 3rd period - Wrist shot by Alexandre Burrows.
15:40 of 3rd period - Shot Blocked by Andrew Kozek.
15:42 of 3rd period - Slapshot by Tyler Cuma.
15:42 of 3rd period - Shot Blocked by Shawn Belle.
15:44 of 3rd period - Wrist shot by Tyler Bozak.
15:44 of 3rd period - Deflect By Steve Quailer.
15:44 of 3rd period - Shot Blocked by Andrew Kozek.
15:44 of 3rd period - Puck is out of play.
15:45 of 3rd period - Sean Couturier wins face-off versus Craig Smith in Atomiques zone.
15:45 of 3rd period - Sean Couturier is hit by Benn Ferriero.
15:53 of 3rd period - Slapshot by Kellan Lain.
15:53 of 3rd period - Shot Blocked by Davis Drewiske.
15:55 of 3rd period - Slapshot by Dustin Kohn.
15:55 of 3rd period - Shot Blocked by Davis Drewiske.
15:57 of 3rd period - Slapshot by Dustin Kohn.
15:57 of 3rd period - Deflect By Craig Smith.
15:57 of 3rd period - Stopped by Jeremy Smith with a rebound.
15:59 of 3rd period - Slapshot by Tyler Cuma.
15:59 of 3rd period - Stopped by Jeremy Smith without a rebound.
16:00 of 3rd period - Sean Couturier wins face-off versus Tyler Bozak in Atomiques zone.
16:07 of 3rd period - Snap shot by Kenndal McArdle.
16:07 of 3rd period - Shot Blocked by Steve Quailer.
16:27 of 3rd period - Wrist shot by Craig Smith.
16:27 of 3rd period - Deflect By Benn Ferriero.
16:27 of 3rd period - Shot Blocked by Davis Drewiske.
16:27 of 3rd period - Puck is out of play.
16:28 of 3rd period - Craig Smith wins face-off versus Tyler Brenner in Atomiques zone.
16:35 of 3rd period - Slapshot by Kellan Lain.
16:35 of 3rd period - Shot Blocked by Andrew Kozek.
16:43 of 3rd period - Snap shot by Tyler Brenner.
16:43 of 3rd period - Stopped by Jean-Francois Berube with a rebound.
17:07 of 3rd period - Slapshot by Benn Ferriero.
17:07 of 3rd period - Shot Misses the Net.
17:09 of 3rd period - Slapshot by Kyle Cumiskey.
17:09 of 3rd period - Deflect By Benn Ferriero.
17:09 of 3rd period - Stopped by Jeremy Smith with a rebound.
17:31 of 3rd period - Snap shot by Tyler Bozak.
17:31 of 3rd period - Shot Blocked by Sean Couturier.
17:33 of 3rd period - Wrist shot by Tyler Bozak.
17:33 of 3rd period - Stopped by Jeremy Smith without a rebound.
17:34 of 3rd period - Riley Sheahan wins face-off versus Tyler Brenner in Atomiques zone.
17:35 of 3rd period - Snap shot by Tomas Kubalik.
17:35 of 3rd period - Shot Blocked by Colby Cohen.
18:06 of 3rd period - Slapshot by Alexandre Burrows.
18:06 of 3rd period - Shot Misses the Net.
18:08 of 3rd period - Snap shot by Steve Quailer.
18:08 of 3rd period - Goal by Steve Quailer - Atomiques : 3 - Diables : 8.
18:09 of 3rd period - Sean Couturier wins face-off versus Tyler Bozak in neutral zone.
18:16 of 3rd period - Wrist shot by Sean Couturier.
18:16 of 3rd period - Shot Misses the Net.
18:39 of 3rd period - Slapshot by Roman Polak.
18:39 of 3rd period - Shot Misses the Net.
18:57 of 3rd period - Alex Berry is hit by Brandon Prust and loses puck.
19:23 of 3rd period - Wrist shot by Ben Hanowski.
19:23 of 3rd period - Stopped by Jeremy Smith with a rebound.
19:25 of 3rd period - Slapshot by Ben Hanowski.
19:25 of 3rd period - Shot Misses the Net.
19:39 of 3rd period - Wrist shot by Taylor Beck.
19:39 of 3rd period - Stopped by Jeremy Smith with a rebound.
19:41 of 3rd period - Wrist shot by Lukas Krajicek.
19:41 of 3rd period - Shot Misses the Net.
19:43 of 3rd period - Wrist shot by Alexandre Burrows.
19:43 of 3rd period - Shot Misses the Net.
19:45 of 3rd period - Wrist shot by Steve Quailer.
19:45 of 3rd period - Stopped by Jeremy Smith without a rebound.
19:46 of 3rd period - Tyler Bozak wins face-off versus Tyler Brenner in Atomiques zone.
Goals for this period are 1 for Atomiques vs 4 for Diables.
Shots for this period are 7 for Atomiques vs 14 for Diables.